 Dungeon Crawl Stone Soup version 0.31-a0-1091-g283494c966 (webtiles) character file.

Game seed: 558040846798562086

2321 kae the Sneak (level 9, -1/65 HPs)
             Began as a Demonspawn Enchanter on Nov 28, 2023.
             Was an Initiate of Dithmenos.
             Slain by Maggie
             ... wielding a +1 broad axe of flaming
              (5 damage)
             ... on level 7 of the Dungeon.
             The game lasted 00:08:10 (5861 turns).

kae the Sneak (Demonspawn Enchanter)                Turns: 5861, Time: 00:08:10

Health: -1/65      AC: 15    Str:  9    XL:     9   Next: 19%
Magic:  0/14       EV:  8    Int: 21    God:    Dithmenos [......]
Gold:   173        SH:  5    Dex: 15    Spells: 4/15 levels left

rFire   . . .        a - +2 dagger
rCold   . . .        (no shield)
rNeg    . . .        u - +0 scale mail of the Everdark {Dex+2}
rPois   .            (helmet restricted)
rElec   .            i - +0 cloak
rCorr   .            v - +0 pair of gloves
SInv    .            g - +1 pair of boots
Will    .....        h - amulet of reflection
Stlth   ++           O - +4 ring of protection
HPRegen 0.30/turn    (no ring)
MPRegen 0.28/turn

%: reflection, guardian spirit
@: mesmerised
A: horns 2, magic shield, magic regeneration, demonic magic 2
a: Renounce Religion


You were on level 7 of the Dungeon.
You worshipped Dithmenos.
Dithmenos was noncommittal.
You visited 2 branches of the dungeon, and saw 8 of its levels.

You collected 448 gold pieces.
You spent 275 gold pieces at shops.


Innate Abilities, Weirdness & Mutations

You have a pair of horns on your head.
When hurt, damage is shared between your health and your magic reserves.
You regenerate magic rapidly.
Spells you cast may paralyse nearby enemies.


   Skills:
 + Level 3.6 Fighting
 * Level 5.0 Short Blades
 * Level 3.2 Armour
 - Level 2.0 Dodging
 * Level 6.2 Stealth
 + Level 3.9 Spellcasting
 + Level 4.8 Hexes
 * Level 4.6 Ice Magic


You had 4 spell levels left.
You knew the following spells:

 Your Spells              Type           Power      Damage    Failure   Level
a - Ensorcelled Hibernat  Hex/Ice        48%        N/A       19%         2
b - Confusing Touch       Hex            24%        N/A       34%         3
c - Tukima's Dance        Hex            24%        N/A       34%         3
d - Dazzling Flash        Conj/Hex       28%        N/A       69%         3

Your spell library contained the following spells:

 Spells                   Type           Power      Damage    Failure   Level
 Passwall                 Tmut/Erth      3%         N/A       80%         2
 Swiftness                Air            4%         N/A       95%         3

Inventory:

Hand Weapons
 a - a +2 dagger (weapon)
Missiles
 d - 33 stones
 n - 6 boomerangs
 o - 2 throwing nets {=f!f}
 r - 13 poisoned darts
Armour
 b - a +0 robe
 g - a +1 pair of boots (worn)
   (You found it on level 2 of the Dungeon)
 i - a +0 cloak (worn)
   (You found it on level 3 of the Dungeon)
 u - the +0 scale mail of the Everdark (worn) {Dex+2}
   (You bought it in a shop on level 5 of the Dungeon)

   Dex+2:     It affects your dexterity (+2).
 v - a +0 pair of gloves (worn)
   (You bought it in a shop on level 5 of the Dungeon)
Jewellery
 h - an amulet of reflection (around neck)
   (You found it on level 3 of the Dungeon)
 O - a +4 ring of protection (left hand)
   (You found it on level 1 of the Dungeon)
Scrolls
 l - 2 scrolls of noise {!r}
 p - a scroll of blinking {!r}
 q - a scroll of teleportation {@r4}
 y - a scroll of fog
Potions
 c - 2 potions of invisibility
 e - 4 potions of attraction {!q}
 f - 2 potions of curing {@q1}
 j - a potion of enlightenment
 k - a potion of ambrosia
 m - a potion of resistance
 s - a potion of brilliance {unknown}
 t - a potion of cancellation
 w - a potion of might
 x - a potion of mutation {!q}

Dungeon Overview and Level Annotations

Branches:
Dungeon (7/15) Zot: 26715  Temple (1/1) D:5 Zot: 5975

Altars:
Ashenzari
Dithmenos
Fedhas
Gozag
Hepliaklqana
Kikubaaqudgha
Makhleb
Nemelex Xobeh
Ru
Sif Muna
Trog
Uskayaw
Xom
Yredelemnul

Shops:
D:4 (   D:5 [

Annotations:
D:7 Maggie

... ......... ....
......... ....
......... #....
#.......#
#....##.......#
#...#...............
#...#...............
#...#......@.)......
##
#...####+###@##....#
)####...####..##†#
..#
.................# .
.................#
.................#
.###..).#######..#
.###....####.##..#
.........#...#.....
.........#...#......#


You could see Maggie (mesmerising).


Message History

Press: ? - help, Shift-Dir - straight line, f - bullfrog
Aim: a bullfrog (chance to affect: 55%)
The bullfrog resists with significant effort.
Malevolent energies surge around you.
The bullfrog hits you but does no damage.
The bullfrog closely misses you. 😕 MP[-2]
You lost 2 mp, and now have 3/14 mp.
You closely miss the bullfrog. You headbutt the bullfrog!
The bullfrog hits you but does no damage.
You hit the bullfrog. Your headbutt misses the bullfrog.
You block the bullfrog's attack. 😕 MP[+1]
You hit the bullfrog.
The bullfrog barely misses you. 😕 HP[+1]
You hit the bullfrog.
The bullfrog hits you but does no damage.
Maggie the Vainglorious comes into view.
She is wielding a +1 broad axe of flaming and carrying a wand of flame.
You hit the bullfrog.
You kill the bullfrog!
Dithmenos accepts your kill.
Your Short Blades skill increases to level 5! 😕 HP[+1]
You now have 65 max hp (+1).
Maggie zaps a wand.
The puff of flame hits you!
You see here a bullfrog corpse. 😮 HP[-11] MP[-1]
You take 11 damage, and now have 43/65 hp.
You lost 1 mp, and now have 3/14 mp.
Maggie barely misses you.
Your magical contamination has completely faded away. 😮 HP[+1] MP[+1]
Casting: Ensorcelled Hibernation (safe; 19% risk of failure)
Confirm with . or Enter, or press ? or * to list all spells.
Aiming: Ensorcelled Hibernation (safe; 19% risk of failure)
Press: ? - help, Shift-Dir - straight line, f - Maggie
Aim: Maggie, wielding a +1 broad axe of flaming, wearing +0 steam dragon scales and carrying a wand of flame (chance to affect: 55%) Maggie looks drowsy...
Malevolent energies surge around you. 😮 MP[-2]
You lost 2 mp, and now have 2/14 mp.
Unknown command.
Casting: Ensorcelled Hibernation (safe; 19% risk of failure)
Confirm with . or Enter, or press ? or * to list all spells.
You can't see any susceptible monsters within range! (Use Z to cast anyway.)
The helpless Maggie fails to defend herself.
You stick Maggie like a pincushion!!! You headbutt Maggie.
Maggie barely misses you.
Unknown command.
You barely miss Maggie. You closely miss Maggie. Your headbutt misses Maggie.
Maggie hits you with a +1 broad axe of flaming.
Maggie burns you. 😮 HP[-4] MP[+1]
You take 4 damage, and now have 40/65 hp.
Unknown command.
You closely miss Maggie. Maggie gestures at you while chanting.
The bolt of fire hits you!
* * * LOW HITPOINT WARNING * * *
😨 HP[-12] MP[-1]
You take 12 damage, and now have 28/65 hp.
You lost 1 mp, and now have 2/14 mp.
Unknown command.
Casting: Ensorcelled Hibernation (safe; 19% risk of failure)
Confirm with . or Enter, or press ? or * to list all spells.
You don't have enough magic to cast this spell.
Casting: Ensorcelled Hibernation (safe; 19% risk of failure)
Confirm with . or Enter, or press ? or * to list all spells.
You don't have enough magic to cast this spell.
You hit Maggie but do no damage.
Maggie hits you with a +1 broad axe of flaming.
* * * LOW HITPOINT WARNING * * *
Maggie burns you.
* * * LOW HITPOINT WARNING * * *
😨 HP[-2]
You take 2 damage, and now have 26/65 hp.
Unknown command.
You hit Maggie but do no damage. You headbutt Maggie, but do no damage.
You barely miss Maggie. Your headbutt misses Maggie.
Maggie mumbles some strange words.
Maggie attempts to bespell you!
You are mesmerised by Maggie!
You closely miss Maggie.
Maggie barely misses you. 😨 HP[+1] MP[+1] Unknown command.
You hit Maggie but do no damage. Maggie casts a spell at you.
The bolt of fire hits you!
* * * LOW HITPOINT WARNING * * *
😱 HP[-14] MP[-2]
You take 14 damage, and now have 13/65 hp.
MASSIVE DAMAGE!! (PAUSE)
You lost 2 mp, and now have 1/14 mp.
You hit Maggie. You hit Maggie but do no damage.
Maggie hits you with a +1 broad axe of flaming!
* * * LOW HITPOINT WARNING * * *
Maggie burns you.
You die...

Skill      XL: |  1  2  3  4  5  6  7  8  9 |
---------------+----------------------------+-----
Short Blades   | 1 2 3 4 5 |  5.0
Stealth        | 3 4 5 6 |  6.2
Dodging        | 2 |  2.0
Fighting       | 1 2 3 |  3.6
Ice Magic      | 1 2 3 4 |  4.6
Spellcasting   | 3 |  3.9
Hexes          | 4 |  4.8
Armour         | 1 3 |  3.2

Action                     |  1- 3 |  4- 6 |  7- 9 || total
---------------------------+-------+-------+-------++-------
  Melee: Dagger            |   147 |   123 |   160 ||   430
         Punch             |     2 |       |     2 ||     4
         Headbutt          |       |     4 |    28 ||    32
   Cast: Ensorcelled Hiber |    11 |    18 |    24 ||    53
         Confusing Touch   |     1 |     1 |     1 ||     3
    Use: Scroll            |     7 |     2 |    10 ||    19
   Stab: Sleeping          |    18 |    19 |    15 ||    52
         Confused          |     1 |     1 |       ||     2
         Paralysed         |       |     6 |    13 ||    19
 Armour: Robe              |    52 |    66 |     7 ||   125
         Scale mail        |       |       |   131 ||   131
  Dodge: Dodged            |    70 |    55 |    69 ||   194
  Block: Other             |     3 |    21 |    32 ||    56
         Reflection        |       |       |     3 ||     3

Levels and vault maps discovered:
D:1:      mrwooster_arrival_statue_2, layout_loops_ring, serial_glass,
          glass_columns_a, glass_columns_c
D:2:      cheibrodos_old_hovel, layout_basic
D:3:      layout_basic, dancing_weapons_uskayaw, uniq_jessica
D:4:      layout_loops_ring, elyvilon_altar_5, amcnicky_altar_gilded,
          doesnt_xom_only_xom, nicolae_shop_firing_range
D:5:      layout_gridville, minmay_temple_entry_mist, serial_shops,
          nicolae_square_shop, minmay_misc_feat_room
D:6:      wad_pebble_path, layout_gridville, chequers_jeans
D:7:      layout_gridville, nicolae_stop_n_shop_2, uniq_maggie,
          uniq_crazy_yiuf_cottage, uniq_jeremiah
Temple:   hc_temple_tempest_star

Notes
Turn   | Place    | Note
-------+----------+-------------------------------------------
     0 | D:1      | kae the Demonspawn Enchanter began the quest for the Orb.
     0 | D:1      | Reached XP level 1. HP: 13/13 MP: 3/3
     0 | D:1      | magus.rc [v1.11.3]
    79 | D:1      | Reached skill level 1 in Short Blades
   113 | D:1      | Gained mutation: You regenerate magic rapidly. [demonic
                  | ancestry]
   113 | D:1      | Reached XP level 2. HP: 18/19 MP: 5/5
   198 | D:1      | Learned a level 2 spell: Ensorcelled Hibernation
   289 | D:1      | Reached skill level 3 in Stealth
   397 | D:1      | HP: 4/20 [quokka (3)]
   398 | D:1      | HP: 1/20 [quokka (3)]
   640 | D:1      | Reached skill level 2 in Dodging
   646 | D:1      | Gained mutation: Spells you cast may paralyse adjacent
                  | enemies. [demonic ancestry]
   646 | D:1      | Reached XP level 3. HP: 22/25 MP: 4/6
   790 | D:2      | Learned a level 3 spell: Confusing Touch
  1804 | D:3      | Noticed a phantom
  1893 | D:3      | Found a hide-covered altar of Uskayaw.
  1912 | D:3      | Noticed a +0 dagger
  1912 | D:3      | Noticed a +0 hand axe
  1998 | D:3      | Noticed Jessica
  2030 | D:3      | Killed a phantom
  2031 | D:3      | Reached skill level 1 in Fighting
  2031 | D:3      | Reached skill level 2 in Short Blades
  2031 | D:3      | Reached skill level 1 in Ice Magic
  2031 | D:3      | Gained mutation: Spells you cast may paralyse nearby
                  | enemies. [demonic ancestry]
  2031 | D:3      | Reached XP level 4. HP: 32/32 MP: 7/7
  2050 | D:3      | Killed Jessica
  2051 | D:3      | Gained mutation: When hurt, damage is shared between your
                  | health and your magic reserves. [demonic ancestry]
  2051 | D:3      | Reached XP level 5. HP: 27/37 MP: 5/8
  2157 | D:3      | Learned a level 3 spell: Tukima's Dance
  2735 | D:4      | Found Meacywk's Firing Range.
  2779 | D:4      | Found a blossoming altar of Fedhas.
  3132 | D:4      | Reached skill level 4 in Stealth
  3279 | D:4      | Reached skill level 2 in Ice Magic
  3279 | D:4      | Gained mutation: You have a pair of small horns on your
                  | head. [demonic ancestry]
  3279 | D:4      | Reached XP level 6. HP: 42/43 MP: 7/9
  3328 | D:4      | You pick up a book of Burglary and begin reading...
  3328 | D:4      | You add the spells Passwall and Swiftness to your library.
  3345 | D:4      | Found a hazy altar of Hepliaklqana.
  3347 | D:4      | Found an opulent altar of Gozag.
  3347 | D:4      | Found a sparkling altar of Nemelex Xobeh.
  3405 | D:4      | Found an opulent altar of Gozag.
  3405 | D:4      | Found a broken altar of Ashenzari.
  3405 | D:4      | Found a shimmering altar of Xom.
  3598 | D:5      | Entered Level 5 of the Dungeon
  3600 | D:5      | Reached skill level 3 in Short Blades
  3606 | D:5      | Reached skill level 2 in Fighting
  3759 | D:5      | Reached XP level 7. HP: 50/50 MP: 6/11
  3813 | D:5      | Reached skill level 3 in Spellcasting
  3813 | D:5      | Reached skill level 4 in Hexes
  3917 | D:5      | Found Zoxkiroe's Armour Shoppe.
  3930 | D:5      | Reached skill level 3 in Ice Magic
  3938 | D:5      | Bought the +0 scale mail of the Everdark {Dex+2} for 212
                  | gold pieces
  3938 | D:5      | Bought a +0 pair of gloves for 63 gold pieces
  4184 | D:5      | Found a staircase to the Ecumenical Temple.
  4191 | Temple   | Entered the Ecumenical Temple
  4203 | Temple   | Became a worshipper of Dithmenos the Shadowed
  4347 | D:5      | Learned a level 3 spell: Dazzling Flash
  4379 | D:6      | Reached skill level 5 in Stealth
  4449 | D:6      | Reached skill level 1 in Armour
  4568 | D:6      | HP: 12/51 [ogre/+0 giant club (14)]
  4778 | D:6      | Reached XP level 8. HP: 48/57 MP: 10/12
  4999 | D:6      | Reached skill level 4 in Short Blades
  5012 | D:6      | Reached skill level 3 in Fighting
  5012 | D:6      | Reached skill level 2 in Armour
  5020 | D:6      | Reached skill level 4 in Ice Magic
  5030 | D:6      | HP: 9/58 [yak (7)]
  5306 | D:6      | Reached skill level 3 in Armour
  5306 | D:6      | Reached skill level 6 in Stealth
  5306 | D:6      | Gained mutation: You have a pair of horns on your head.
                  | [demonic ancestry]
  5306 | D:6      | Reached XP level 9. HP: 64/64 MP: 11/14
  5846 | D:7      | Noticed Maggie
  5848 | D:7      | Reached skill level 5 in Short Blades
  5859 | D:7      | HP: 13/65 [Maggie/bolt of fire (14)]
  5861 | D:7      | HP: 4/65 [Maggie/+1 broad axe of flaming (9)]
  5861 | D:7      | Slain by Maggie

Vanquished Creatures
  5 yaks (D:6)
  A water moccasin (D:6)
  An ice beast (D:6)
  A black bear (D:6)
  2 centaurs
  3 ogres
  2 phantoms
  A bullfrog (D:7)
  2 scorpions
  4 howler monkeys
  A jelly (D:5)
  2 hounds (D:5)
  An orc priest (D:5)
  Jessica (D:3)
  An iguana (D:6)
  4 orc wizards
  5 adders
  4 ufetubi
  6 dart slugs
  19 orcs
  4 bats
  8 endoplasms
  4 giant cockroaches
  4 goblins
  3 hobgoblins
  2 jackals (D:5)
  2 kobolds
  6 quokkas
  7 ball pythons
  2 frilled lizards
  4 rats
112 creatures vanquished.

Table legend:
 A = Non-vault XP
 B = Vault XP
 C = Vault XP percentage of total XP
 D = Non-vault monster count
 E = Vault monster count
 F = Vault count percentage of total count
                 A         B        C        D         E       F
            +---------+---------+-------+---------+---------+-------
      Total |    3278 |      39 |   1.2 |     110 |       2 |   1.8
            +---------+---------+-------+---------+---------+-------
        D:1 |      44 |       0 |   0.0 |      23 |       0 |   0.0
        D:2 |      13 |       2 |  13.3 |       8 |       1 |  11.1
        D:3 |     150 |      37 |  19.8 |      15 |       1 |   6.2
        D:4 |     383 |       0 |   0.0 |      18 |       0 |   0.0
        D:5 |     551 |       0 |   0.0 |      21 |       0 |   0.0
        D:6 |    1653 |       0 |   0.0 |      19 |       0 |   0.0
        D:7 |     484 |       0 |   0.0 |       6 |       0 |   0.0
            +---------+---------+-------+---------+---------+-------

Skill      XL: |  1  2  3  4  5  6  7  8  9 |
---------------+----------------------------+-----
Short Blades   | 1 2 3 4 5 |  5.0
Stealth        | 3 4 5 6 |  6.2
Dodging        | 2 |  2.0
Fighting       | 1 2 3 |  3.6
Ice Magic      | 1 2 3 4 |  4.6
Spellcasting   | 3 |  3.9
Hexes          | 4 |  4.8
Armour         | 1 3 |  3.2

Action                     |  1- 3 |  4- 6 |  7- 9 || total
---------------------------+-------+-------+-------++-------
  Melee: Dagger            |   147 |   123 |   160 ||   430
         Punch             |     2 |       |     2 ||     4
         Headbutt          |       |     4 |    28 ||    32
   Cast: Ensorcelled Hiber |    11 |    18 |    24 ||    53
         Confusing Touch   |     1 |     1 |     1 ||     3
    Use: Scroll            |     7 |     2 |    10 ||    19
   Stab: Sleeping          |    18 |    19 |    15 ||    52
         Confused          |     1 |     1 |       ||     2
         Paralysed         |       |     6 |    13 ||    19
 Armour: Robe              |    52 |    66 |     7 ||   125
         Scale mail        |       |       |   131 ||   131
  Dodge: Dodged            |    70 |    55 |    69 ||   194
  Block: Other             |     3 |    21 |    32 ||    56
         Reflection        |       |       |     3 ||     3

Illustrated notes

Table legend:
 A = Kills in this place as a percentage of kills in the entire game.
 B = Kills by you in this place as a percentage of kills by you in the entire game.
 C = Kills by friends in this place as a percentage of kills by friends in the entire game.
 D = Other kills in this place as a percentage of other kills in the entire game.
 E = Experience gained in this place as a percentage of experience gained in the entire game.
 F = Experience gained in this place divided by the number of levels of this place that you have seen.
                   A       B       C       D       E      F
               +-------+-------+-------+-------+-------+----------------------
         Total | 100.0 | 100.0 |   N/A |   N/A | 100.0 | 414.6
       Dungeon | 100.0 | 100.0 |   N/A |   N/A | 100.0 | 473.9
               +-------+-------+-------+-------+-------+----------------------

Table legend: (Time is in decaauts)
 A = Elapsed time spent in this place.
 B = Non-inter-level travel time spent in this place.
 C = Inter-level travel time spent in this place.
 D = Time resting spent in this place.
 E = Time spent auto-exploring this place.
 F = Levels seen in this place.
 G = Mean time per level.
                   A        B        C        D        E       F      G
               +--------+--------+--------+--------+--------+-----+--------+
         Total |   5805 |   5689 |    116 |    249 |   4249 |   8 |  725.6 |
       Dungeon |   5780 |   5676 |    104 |    249 |   4249 |   7 |  825.7 |
        Temple |     24 |     12 |     12 |      0 |      0 |   1 |   24.0 |
               +--------+--------+--------+--------+--------+-----+--------+

Top non-repeatable levels by time:
     D:6: 1197 daAuts
     D:3: 1003 daAuts
     D:2: 920 daAuts
     D:4: 915 daAuts
     D:1: 776 daAuts
     D:5: 685 daAuts
     D:7: 283 daAuts
  Temple: 24 daAuts
